 Dungeon Crawl Stone Soup version 0.27.0-1-g7a089689b8 (webtiles) character file.

Game seed: 2943673555165310019

65 horus123 the Conjurer (level 3, 0/19 HPs)
             Began as a Deep Elf Conjurer on Aug 14, 2021.
             Slain by an iguana (11 damage)
             ... on level 2 of the Dungeon.
             The game lasted 00:02:12 (1836 turns).

horus123 the Conjurer (Deep Elf Conjurer)           Turns: 1836, Time: 00:02:13

Health: 0/19       AC:  2    Str: 10    XL:     3   Next: 94%
Magic:  3/10       EV: 12    Int: 23    God:
Gold:   93         SH:  0    Dex: 13    Spells: 3/9 levels left

rFire    . . .     SeeInvis .   (no weapon)
rCold    . . .     Faith    .   (no shield)
rNeg     . . .     Spirit   .   a - +0 robe
rPois    .         Reflect  .   (no helmet)
rElec    .         Harm     .   (no cloak)
rCorr    .         Rampage  .   (no gloves)
Will     .....                  (no boots)
Stlth    ++........             (no amulet)
HPRegen  0.06/turn              c - +6 ring of strength
MPRegen  0.12/turn              (no ring)

@: no status effects
A: no striking features
a: no special abilities


You were on level 2 of the Dungeon.
You visited 1 branch of the dungeon, and saw 2 of its levels.

You collected 93 gold pieces.

Inventory:

Armour
 a - a +0 robe (worn)
Jewellery
 c - a +6 ring of strength (left hand)
Scrolls
 d - 2 scrolls of amnesia {unknown}
 e - a scroll of enchant weapon {unknown}
 f - a scroll of identify {unknown}
Potions
 b - 2 potions of lignification {unknown}
 g - a potion of brilliance {unknown}
 h - a potion of haste {unknown}


   Skills:
 + Level 2.5 Dodging
 + Level 2.5 Stealth
 * Level 3.9 Spellcasting
 + Level 5.5 Conjurations
 * Level 0.6 Hexes


You had 3 spell levels left.
You knew the following spells:

 Your Spells              Type           Power      Damage    Failure   Level
a - Magic Dart            Conj           100%       1d8       1%          1
b - Searing Ray           Conj           60%        3d5       1%          2
c - Dazzling Flash        Conj/Hex       36%        N/A       9%          3

Your spell library contained the following spells:

 Spells                   Type           Power      Damage    Failure   Level
 Fulminant Prism          Conj/Hex       9%         3d7       28%         4
 Iskenderun's Mystic Bla  Conj/Tloc      17%        2d5       32%         4


Dungeon Overview and Level Annotations

Branches:
Dungeon (2/15)

Altars:


Message History

The magic dart hits the ball python.
The ball python is severely wounded.
The ball python hisses angrily.
A ball python is nearby!
The magic dart hits the ball python.
You kill the ball python!
A dart slug comes into view.
The magic dart hits the dart slug.
The dart slug is lightly wounded.
The magic dart hits the dart slug.
The dart slug is heavily wounded.
The dart slug launches a dart at you. The slug dart misses you.
The magic dart hits the dart slug.
The dart slug is almost dead.
The magic dart hits the dart slug.
You kill the dart slug!
b - 2 yellow potions (gained 1)
An iguana comes into view.
Found 15 arrows.
The magic dart hits the iguana but does no damage.
The iguana hisses angrily.
The magic dart hits the iguana but does no damage.
A bat comes into view.
The magic dart hits the iguana.
The iguana is moderately wounded.
The magic dart hits the iguana.
The iguana is moderately wounded.
The iguana bites you!
The magic dart hits the iguana.
The iguana is severely wounded.
The iguana closely misses you.
The magic dart hits the iguana.
The iguana is severely wounded.
The iguana bites you but does no damage.
The magic dart hits the iguana but does no damage.
The iguana is severely wounded.
The iguana bites you!
Ouch! That really hurt!
You die...

.# #( .# ..
#### #. ...#
#b #.†###
#l♣♣♣♣♣♣##
#.....
#.@......#
##..#
#.♣♣♣♣♣♣.#
##...# ...
#.###.#..###
####
##...##.....
###........
###...##.
.........
###..)##.
##.###.


You could see an iguana and a bat.

Vanquished Creatures
  Jessica (D:2)
  A worm (D:2)
  A dart slug (D:2)
  3 ball pythons
  3 bats (D:1)
  4 endoplasms (D:1)
  A giant cockroach (D:1)
  4 goblins (D:1)
  A hobgoblin (D:1)
  4 jackals
  2 quokkas (D:1)
  2 frilled lizards
  3 kobolds (D:1)
  2 rats (D:1)
32 creatures vanquished.

Notes
Turn   | Place    | Note
-------+----------+-------------------------------------------
     0 | D:1      | horus123 the Deep Elf Conjurer began the quest for the Orb.
     0 | D:1      | Reached XP level 1. HP: 10/10 MP: 6/6
   149 | D:1      | Reached XP level 2. HP: 15/15 MP: 0/8
   152 | D:1      | Learned a level 2 spell: Searing Ray
   386 | D:1      | Reached skill level 5 in Conjurations
  1432 | D:1      | Reached XP level 3. HP: 17/19 MP: 4/9
  1436 | D:1      | Learned a level 3 spell: Dazzling Flash
  1572 | D:2      | Found a faded altar of an unknown god.
  1652 | D:2      | Noticed Jessica
  1654 | D:2      | Killed Jessica
  1836 | D:2      | Slain by an iguana

Illustrated notes

Levels and vault maps discovered:
D:1:      dpeg_arrival_more_subterranean_lakeside_camping, layout_basic,
          serial_aquarium, aquarium_bridge_straight [aquarium_subvault_bridge,
          aquarium_subvault_window, aquarium_subvault_bridge,
          aquarium_subvault_window], aquarium_bridge_square
          [aquarium_subvault_window, aquarium_subvault_window,
          aquarium_subvault_wall, aquarium_subvault_bridge],
          aquarium_window_corridor_2, aquarium_window_corner, aquarium_window_1,
          aquarium_view_2g, aquarium_view_2d, aquarium_balcony_3b,
          aquarium_pool_split
D:2:      layout_loops_corners, serial_forest, infiniplex_forest_clump_long,
          infiniplex_forest_clump_tiny, infiniplex_forest_straight_2,
          infiniplex_forest_end_double, infiniplex_forest_lined_2, basic_altar,
          hellmonk_ecumenical_altar_lost_god, uniq_jessica

Skill      XL: |  1  2 |
---------------+-------+-----
Conjurations   | 5 |  5.5
Dodging        | |  2.5
Stealth        | |  2.5
Spellcasting   | |  3.9
Hexes          | |  0.6

Action                   || total
-------------------------++-------
 Cast: Magic Dart        ||    74
Armor: Robe              ||     1
Dodge: Dodged            ||     6
